 Dungeon Crawl Stone Soup version 0.27.0-1-g7a089689b8 (webtiles) character file.

Game seed: 2353690303838386691

24233 hilljack the Fighter (level 12, -1/110 HPs)
             Began as a Minotaur Fighter on Aug 11, 2021.
             Was the Champion of Okawaru.
             Slain by a death yak simulacrum (33 damage)
             ... in an ice cave on Aug 12, 2021.
             The game lasted 00:34:42 (14534 turns).

hilljack the Fighter (Minotaur Fighter)            Turns: 14534, Time: 00:34:42

Health: -1/110     AC:  9    Str: 32    XL:     12   Next: 78%
Magic:  17/17      EV: 10    Int: 11    God:    Okawaru [******]
Gold:   1348       SH: 19    Dex: 12    Spells: 11/11 levels left

rFire    . . .     SeeInvis +   a - +2 spear (vamp)
rCold    . . .     Faith    .   c - +1 kite shield
rNeg     . . .     Spirit   .   u - +1 ring mail of Moral Flaws {Regen+ Int+6}
rPois    .         Reflect  +   i - +1 hat
rElec    +         Harm     .   z - scarf {shadows}
rCorr    +         Rampage  .   (no gloves)
Will     .....                  (no boots)
Stlth    +.........             g - amulet of reflection
HPRegen  1.28/turn              e - ring "Xodetu" {rElec rCorr Str+6 Slay-2 SInv}
MPRegen  0.15/turn              (no ring)

@: no status effects
A: horns 2, retaliatory headbutt, hooves 1, agile 1, subdued magic 1
a: Renounce Religion, Heroism, Finesse


You were in an ice cave.
You worshipped Okawaru.
Okawaru was exalted by your worship.
You visited 3 branches of the dungeon, and saw 13 of its levels.
You also visited: Sewer, Bailey, Ice Cave and Volcano.

You collected 1348 gold pieces.

Inventory:

Hand Weapons
 a - a +2 vampiric spear (weapon)
 b - a +1 hunting sling of freezing
 x - a +1 trident of draining
Missiles
 k - 52 poisoned darts
 w - 4 throwing nets
 F - 182 sling bullets
Armour
 c - a +1 kite shield (worn)
 i - a +1 hat (worn)
 u - the +1 ring mail of Moral Flaws (worn) {Regen+ Int+6}
   (You found it on level 7 of the Dungeon)

   Int:       It affects your intelligence (+6).
   Regen:     It increases your rate of health regeneration.
 z - a scarf of shadows (worn)
Jewellery
 e - the ring "Xodetu" (left hand) {rElec rCorr Str+6 Slay-2 SInv}
   (You found it in a bailey)

   [ring of strength]

   Str:       It affects your strength (+6).
   Slay:      It affects your accuracy & damage with ranged weapons and melee
   (-2).
   rElec:     It insulates you from electricity.
   SInv:      It lets you see invisible.
   rCorr:     It protects you from acid and corrosion.
 g - an amulet of reflection (around neck)
 A - an amulet of regeneration
Wands
 j - a wand of paralysis (6) (quivered)
 q - a wand of flame (35)
 y - a wand of charming (8)
 I - a wand of iceblast (13)
Scrolls
 f - 7 scrolls of fog
 l - 3 scrolls of amnesia
 n - 3 scrolls of teleportation
 r - a scroll of silence
 t - 2 scrolls of enchant armour
 v - 2 scrolls of fear
Potions
 d - 5 potions of flight
 h - 3 potions of berserk rage
 p - 2 potions of curing
 s - 3 potions of haste
 C - a potion of heal wounds
 D - a potion of magic
 E - 3 potions of brilliance
 H - 2 potions of might


   Skills:
 + Level 11.5 Fighting
 + Level 11.1 Polearms
 + Level 11.4 Armour
 - Level 0.9 Stealth
 + Level 11.3 Shields
 + Level 8.4 Invocations
 + Level 7.8 Evocations


You had 11 spell levels left.
You didn't know any spells.
Your spell library contained the following spells:

 Spells                   Type           Power      Damage    Failure   Level
 Animate Skeleton         Necr           0%         N/A       54%         1
 Freeze                   Ice            0%         1d3       54%         1
 Pain                     Necr           0%         1d4       54%         1
 Sandblast                Erth           0%         2d4       54%         1
 Passwall                 Tmut/Erth      0%         N/A       69%         2
 Frozen Ramparts          Ice            0%         1d2       89%         3
 Ozocubu's Armour         Ice            0%         N/A       89%         3
 Portal Projectile        Hex/Tloc       0%         N/A       89%         3
 Vampiric Draining        Necr           0%         2d6       89%         3
 Hailstorm                Conj/Ice       0%         3d3       100%        4
 Blade Hands              Tmut           0%         N/A       100%        5
 Excruciating Wounds      Necr           0%         N/A       100%        5
 Fireball                 Conj/Fire      0%         3d3       100%        5
 Lee's Rapid Deconstruct  Erth           0%         3d5*      100%        5
 Starburst                Conj/Fire      0%         8x6d3     100%        6
 Ozocubu's Refrigeration  Ice            0%         4d5       100%        7
 Ignition                 Fire           0%         3d3       100%        8


Dungeon Overview and Level Annotations

Branches:
Dungeon (10/15)            Temple (1/1) D:4            Lair (2/6) D:9
  Sewer (visited)          Bailey (visited)           IceCv (1/1)
Volcano (visited)
  Swamp: Lair:2-4    Shoals: Lair:2-4     Snake: Lair:2-4    Spider: Lair:2-4
    Orc: D:9-12

Altars:
Ashenzari
Cheibriados
Dithmenos
Elyvilon
Fedhas
Gozag
Hepliaklqana
Kikubaaqudgha
Makhleb
Nemelex Xobeh
Okawaru
Qazlal
Ru
Sif Muna
Trog
Uskayaw
Vehumet
Wu Jian
Xom
Yredelemnul
Zin
The Shining One

Annotations:
D:10 exclusion: obsidian statue
Lair:1 exclusion: 2 oklob plants


Innate Abilities, Weirdness & Mutations

You have a pair of horns on your head.
You reflexively headbutt those who attack you in melee.
You have large cloven feet.
You are agile. (Dex +2)
Your spells are a little easier to cast, but a little less powerful.


Message History

You block the dire elephant simulacrum's attack. x2
You puncture the dire elephant simulacrum!
You kick the dire elephant simulacrum, but do no damage.
You headbutt the dire elephant simulacrum!
The dire elephant simulacrum is severely damaged.
You block the death yak simulacrum's attack.
You hit the dire elephant simulacrum but do no damage.
You kick the dire elephant simulacrum, but do no damage.
The dire elephant simulacrum is severely damaged.
The dire elephant simulacrum barely misses you.
You block the dire elephant simulacrum's attack.
You hit the dire elephant simulacrum.
You kick the dire elephant simulacrum, but do no damage.
The dire elephant simulacrum is severely damaged.
The death yak simulacrum gores you! The death yak simulacrum freezes you!!
You are too injured to fight recklessly!
You are too injured to fight recklessly!
You are too injured to fight recklessly!
You hit the dire elephant simulacrum. You kick the dire elephant simulacrum.
The dire elephant simulacrum is almost destroyed.
You block the dire elephant simulacrum's attack.
The dire elephant simulacrum trunk-slaps you but does no damage.
You puncture the dire elephant simulacrum!
The dire elephant simulacrum vaporises!
Okawaru accepts your kill.
You hit the death yak simulacrum but do no damage.
You kick the death yak simulacrum, but do no damage.
You headbutt the death yak simulacrum.
The death yak simulacrum is lightly damaged.
The death yak simulacrum gores you!
* * * LOW HITPOINT WARNING * * *
The death yak simulacrum freezes you!!
* * * LOW HITPOINT WARNING * * *
You hit the death yak simulacrum but do no damage.
You kick the death yak simulacrum.
The death yak simulacrum is lightly damaged.
You feel much better. The death yak simulacrum gores you.
* * * LOW HITPOINT WARNING * * *
The death yak simulacrum freezes you!!
You die...

#######
##.....# ..
##......#
....#.......#
.....○@∩..∩.#
....#Z......#
.. ##......#
##.....#
#######


You could see a death yak simulacrum.

Vanquished Creatures
  Gastronok (D:8)
  Harold (Lair:2)
  3 hydras
  A two-headed ogre (D:8)
  Pikel (D:6)
  7 deep elf pyromancers (Volcano)
  A deep elf archer (Volcano)
  A cyclops (D:8)
  Joseph (Lair:1)
  3 cane toads (Lair:1)
  2 rime drakes (Lair:2)
  A komodo dragon (Lair:1)
  An entropy weaver simulacrum (IceCv)
  A kobold demonologist (D:10)
  A polar bear (Lair:1)
  Prince Ribbit (D:8)
  2 hornets (D:7)
  A wyvern (D:8)
  6 orc warriors
  A dire elephant simulacrum (IceCv)
  15 yaks
  9 fire elementals (Volcano)
  A basilisk (Lair:1)
  A steam dragon (Lair:2)
  Edmund (D:4)
  3 hell hounds (Volcano)
  An acid dragon (D:9)
  An ice beast (D:7)
  4 water moccasins
  A floating eye (Lair:1)
  3 sky beasts
  A necrophage (D:8)
  5 black bears
  4 ogres
  5 wolves (Lair:2)
  A centaur (D:6)
  3 kobold brigands
  2 phantoms
  10 bullfrogs
  7 scorpions
  A cane toad simulacrum (IceCv)
  3 wights (D:9)
  3 killer bees (D:10)
  An electric eel (D:10)
  4 hounds
  4 jellies
  A bullfrog zombie (D:6)
  7 centaur zombies
  A centaur skeleton (D:4)
  2 gnoll shamans
  6 orc priests
  An iguana (D:6)
  A bullfrog skeleton (D:5)
  Ijyb (D:4)
  10 orc wizards
  4 hell rats (Lair:2)
  2 wolf simulacra (IceCv)
  2 killer bee zombies (D:8)
  2 howler monkey zombies
  Robin (D:2)
  18 gnolls
  An adder (D:5)
  A shadow imp (D:6)
  3 white imps
  3 ufetubi (D:6)
  5 worms (Sewer)
  4 dart slugs
  24 orcs
  13 ball pythons
  8 bats
  8 endoplasms
  5 giant cockroaches
  18 goblins
  13 hobgoblins
  16 jackals
  27 kobolds
  4 frilled lizards
  3 rats
346 creatures vanquished.

Vanquished Creatures (collateral kills)
  A gnoll (Bailey)
  An orc (Bailey)
  A goblin (Bailey)
3 creatures vanquished.

Vanquished Creatures (others)
  An orc warrior (Bailey)
  32 fungi (D:9)
  40 plants
73 creatures vanquished.

Grand Total: 422 creatures vanquished

Notes
Turn   | Place    | Note
-------+----------+-------------------------------------------
     0 | D:1      | hilljack the Minotaur Fighter began the quest for the Orb.
     0 | D:1      | Reached XP level 1. HP: 19/19 MP: 0/0
   288 | D:1      | Reached XP level 2. HP: 27/27 MP: 1/1
   592 | D:1      | Reached XP level 3. HP: 33/33 MP: 2/2
   693 | D:1      | Found a faded altar of an unknown god.
   906 | D:2      | Reached XP level 4. HP: 23/41 MP: 3/3
  1663 | D:2      | Noticed Robin
  1708 | D:2      | Killed Robin
  1716 | D:1      | Reached XP level 5. HP: 17/47 MP: 4/4
  3097 | D:4      | Noticed Edmund
  3101 | D:4      | Reached skill level 5 in Fighting
  3131 | D:4      | Killed Edmund
  3132 | D:4      | Reached skill level 5 in Armour
  3132 | D:4      | Reached skill level 5 in Shields
  3132 | D:4      | Reached XP level 6. HP: 13/56 MP: 5/5
  3650 | D:4      | Found a staircase to the Ecumenical Temple.
  3743 | Temple   | Entered the Ecumenical Temple
  3879 | Temple   | Became a worshipper of Warmaster Okawaru
  4057 | D:4      | Reached skill level 5 in Polearms
  4057 | D:4      | Reached XP level 7. HP: 46/62 MP: 6/6
  4260 | D:4      | Reached skill level 1 in Evocations
  4294 | D:4      | Noticed Ijyb
  4311 | D:4      | Killed Ijyb
  4312 | D:4      | Reached skill level 1 in Invocations
  4599 | D:5      | Entered Level 5 of the Dungeon
  4607 | D:5      | Reached * piety under Okawaru
  4799 | D:5      | Found a white marble altar of Elyvilon.
  4888 | D:5      | Found a glowing drain.
  4919 | Sewer    | Entered a sewer
  5317 | Sewer    | Reached XP level 8. HP: 66/70 MP: 8/8
  5855 | D:5      | Found a hide-covered altar of Uskayaw.
  5914 | D:5      | Reached ** piety under Okawaru
  6301 | D:6      | Noticed Pikel
  6322 | D:6      | Killed Pikel
  6323 | D:6      | Reached XP level 9. HP: 65/79 MP: 10/10
  6757 | D:6      | Reached *** piety under Okawaru
  7482 | D:7      | Found a flagged portal.
  7496 | D:7      | Identified the +1 ring mail of Moral Flaws {Regen+ Int+6}
  7516 | Bailey   | Entered a bailey
  7556 | Bailey   | Gained mutation: Your spells are a little easier to cast,
                  | but a little less powerful. [potion of mutation]
  7556 | Bailey   | Gained mutation: You are agile. (Dex +2) [potion of
                  | mutation]
  7556 | Bailey   | Gained mutation: You have large cloven feet. [potion of
                  | mutation]
  7682 | Bailey   | Found the +4 robe of Augmentation {Str+4 Int+4 Dex+4}
  7690 | Bailey   | Identified the ring "Xodetu" {rElec rCorr Str+6 Slay-2
                  | SInv}
  7837 | D:7      | Paralysed by a hornet for 1 turns
  7965 | D:7      | Found a shadowy altar of Dithmenos.
  7965 | D:7      | Found a sacrificial altar of Ru.
  7965 | D:7      | Found a radiant altar of Vehumet.
  8378 | D:7      | Reached **** piety under Okawaru
  8987 | D:8      | Noticed Gastronok
  8987 | D:8      | Noticed a cyclops
  8987 | D:8      | Noticed a two-headed ogre
  9146 | D:8      | Killed Gastronok
  9147 | D:8      | Reached skill level 5 in Invocations
  9147 | D:8      | Reached skill level 5 in Evocations
  9147 | D:8      | Reached XP level 10. HP: 67/90 MP: 11/13
  9177 | D:8      | Killed a cyclops
  9197 | D:8      | Killed a two-headed ogre
  9197 | D:8      | Reached ***** piety under Okawaru
  9356 | D:8      | Reached XP level 11. HP: 92/97 MP: 14/14
  9609 | D:8      | Found a shimmering altar of Xom.
  9962 | D:8      | Noticed Prince Ribbit
  9963 | D:8      | Found a basalt altar of Yredelemnul.
  9970 | D:8      | Killed Prince Ribbit
 10054 | D:9      | Noticed a five-headed hydra
 10067 | D:9      | Killed a five-headed hydra
 10067 | D:9      | Received a gift from Okawaru
 10230 | D:9      | Found a staircase to the Lair.
 11407 | D:10     | Entered Level 10 of the Dungeon
 11561 | D:10     | Reached skill level 10 in Fighting
 11678 | D:10     | Reached skill level 10 in Armour
 11704 | D:10     | Reached skill level 10 in Shields
 11869 | D:10     | Noticed an obsidian statue
 12396 | Lair:1   | Entered Level 1 of the Lair of Beasts
 12490 | Lair:1   | Found a dark tunnel.
 12500 | Volcano  | Entered a volcano
 12542 | Volcano  | Noticed a deep elf pyromancer
 12546 | Volcano  | Noticed a deep elf pyromancer
 12556 | Volcano  | Reached skill level 10 in Polearms
 12579 | Volcano  | Killed a deep elf pyromancer
 12732 | Volcano  | Noticed a deep elf pyromancer
 12741 | Volcano  | Noticed a deep elf pyromancer
 12754 | Volcano  | Killed a deep elf pyromancer
 12759 | Volcano  | Killed a deep elf pyromancer
 12760 | Volcano  | Noticed a deep elf pyromancer
 12777 | Volcano  | Killed a deep elf pyromancer
 12778 | Volcano  | Reached XP level 12. HP: 95/108 MP: 16/16
 12972 | Volcano  | Reached ****** piety under Okawaru
 13325 | Lair:1   | Noticed Joseph
 13344 | Lair:1   | Killed Joseph
 13344 | Lair:1   | Received a gift from Okawaru
 13394 | Lair:1   | Paralysed by a floating eye for 4 turns
 13559 | Lair:1   | Noticed a five-headed hydra
 13571 | Lair:1   | Killed a five-headed hydra
 13947 | Lair:1   | Paralysed by a floating eye for 2 turns
 14082 | Lair:2   | Noticed a seven-headed hydra
 14090 | Lair:2   | Killed a seven-headed hydra
 14134 | Lair:2   | Noticed Harold
 14152 | Lair:2   | Killed Harold
 14445 | Lair:2   | Found a frozen archway.
 14467 | IceCv    | Entered an ice cave
 14532 | IceCv    | HP: 5/110 [death yak simulacrum (28)]
 14534 | IceCv    | Slain by a death yak simulacrum

Illustrated notes

Levels and vault maps discovered:
D:1:      onia_arrival_mini_maze_b, layout_rooms, serial_rivers,
          chequers_serial_rivers_large_b, chequers_serial_rivers_micro_a,
          chequers_serial_rivers_small_a, chequers_serial_rivers_large_a,
          chequers_serial_rivers_marsh, chequers_serial_rivers_room_b,
          hellmonk_ecumenical_altar_dog_temple
D:2:      layout_basic, uniq_robin
D:3:      layout_loops_ring, minmay_misc_feat_tower
D:4:      layout_gridville, minmay_temple_entry_poolview, uniq_edmund, uniq_ijyb
D:5:      layout_cave_pools, nicolae_uskayaw_murder_on_the_dancefloor,
          mainiacjoe_overflow_six_doors_small, gup_sewer_entry_glass
D:6:      layout_basic, roderic_lattice_a, uniq_pikel
D:7:      layout_layer_cave, gammafunk_temple_overflow_claw, enter_bailey_6
D:8:      layout_loops_ring, lemuel_coloured_pillars_altar,
          mainiacjoe_overflow_chevrons, minmay_bent, uniq_gastronok,
          uniq_prince_ribbit1
D:9:      layout_irregular_city, due_lair_maze_entry_diamond
D:10:     layout_irregular_city, minivault_16, grunt_decor_fettered,
          kennysheep_flooded_box
Temple:   regret_index_temple_waves
Lair:1:   layout_cellular_growth, nicolae_volcano_entry_hallway,
          chequers_serial_rivers_marsh, disabler_island, grunt_megastairs_5,
          uniq_joseph
Lair:2:   layout_roguey, spider_nest_entry_web_field, portal_ice_cave_rime,
          uniq_harold
IceCv:    ice_cave_statue_garden_chambered

Skill      XL: |  1  2  3  4  5  6  7  8  9 10 11 12 |
---------------+-------------------------------------+-----
Shields        | 4 5 6 7 8 9 10 11 | 11.3
Fighting       | 4 5 6 7 8 9 10 11 | 11.5
Armour         | 4 5 6 7 8 9 10 11 | 11.4
Polearms       | 3 4 5 6 8 9 10 11 | 11.1
Evocations     | 1 3 5 6 7 |  7.8
Invocations    | 2 3 5 6 7 8 |  8.4
Stealth        | |  0.9

Action                   |  1- 3 |  4- 6 |  7- 9 | 10-12 || total
-------------------------+-------+-------+-------+-------++-------
Melee: Trident           |    82 |   199 |   399 |    95 ||   775
       Headbutt          |     5 |    21 |    68 |   198 ||   292
       Unarmed           |       |     3 |       |       ||     3
       Kick              |       |       |    25 |   295 ||   320
       Spear             |       |       |       |   681 ||   681
 Fire: Hunting sling     |       |       |       |     2 ||     2
Throw: Dart              |       |     9 |    22 |       ||    31
Invok: Heroism           |       |       |     1 |       ||     1
       Finesse           |       |       |       |     1 ||     1
Evoke: Wand              |       |       |     5 |     4 ||     9
  Use: Scroll            |     5 |     3 |     8 |     5 ||    21
       Potion            |       |     7 |     5 |     3 ||    15
 Stab: Invisible         |       |     2 |       |       ||     2
       Paralysed         |       |       |    11 |     5 ||    16
Armor: Plate armour      |    30 |   112 |   110 |       ||   252
       Scale mail        |    12 |       |       |       ||    12
       Skin              |       |     1 |       |       ||     1
       Ring mail         |       |       |    20 |   145 ||   165
Dodge: Dodged            |    20 |    36 |    58 |   126 ||   240
Block: Kite shield       |    41 |    97 |   200 |   367 ||   705
